 Dungeon Crawl Stone Soup version 0.25-a0-589-g1e14c54 (webtiles) character file.

Game seed: 6088260786340571035, levelgen mode: deterministic

1792 FeloniousTub the Cleaver (level 8, -7/73 HPs)
             Began as a Minotaur Berserker on Mar 11, 2020.
             Was an Elder of Trog.
             Killed by nerve-wracking pain
             ... invoked by an orc priest
              (12 damage)
             ... on level 7 of the Dungeon.
             The game lasted 00:12:49 (5515 turns).

FeloniousTub the Cleaver (Minotaur Berserker)       Turns: 5515, Time: 00:12:49

Health: -7/73      AC: 14    Str: 22    XL:     8   Next: 82%
Magic:  8/8        EV: 10    Int:  4    God:    Trog [****..]
Gold:   350        SH:  0    Dex: 12    Spells: 7/7 levels left

rFire    . . .     SeeInvis .   v - +1 war axe
rCold    + . .     Gourm    .   (no shield)
rNeg     . . .     Faith    .   p - +0 storm dragon scales
rPois    .         Spirit   .   (helmet restricted)
rElec    +         Reflect  .   h - +0 cloak
rCorr    .         Harm     .   (no gloves)
MR       .....                  (no boots)
Stlth    ..........             (no amulet)
HPRegen  0.22/turn              g - ring of protection from cold
MPRegen  0.11/turn              (no ring)

@: no status effects
A: retaliatory headbutt, horns 2
a: Berserk, Trog's Hand, Brothers in Arms, Renounce Religion


You were on level 7 of the Dungeon.
You worshipped Trog.
Trog was greatly pleased with you.
You were not hungry.

You visited 1 branch of the dungeon, and saw 7 of its levels.

You collected 454 gold pieces.
You spent 104 gold pieces at shops.

Inventory:

Hand Weapons
 v - a +1 war axe (weapon)
Armour
 h - a +0 cloak (worn)
 p - +0 storm dragon scales (worn)
Jewellery
 g - a ring of protection from cold (left hand)
 r - an uncursed ring of fire
Wands
 m - a wand of random effects (15)
 u - a wand of enslavement (14)
 x - a wand of disintegration (10)
Scrolls
 b - a scroll of blinking
 d - 2 scrolls of enchant weapon
 e - a scroll of noise
 f - 2 scrolls of remove curse
 k - a scroll of identify
 q - a scroll of fog
 t - a scroll of immolation
Potions
 a - 3 potions of heal wounds
 j - a potion of mutation {unknown}
 l - a potion of lignification {unknown}
 n - a potion of cancellation {unknown}
 o - 6 potions of curing
 s - a potion of haste {unknown}
 w - a potion of might {unknown}
Comestibles
 c - 8 rations
 i - 5 chunks of flesh


   Skills:
 + Level 7.0 Fighting
 * Level 9.3 Axes
 + Level 6.4 Armour
 + Level 5.8 Dodging
 + Level 1.5 Evocations


You had 7 spell levels left.
You didn't know any spells.
Your spell library was empty.

Dungeon Overview and Level Annotations

Branches:
Dungeon (7/15)             Temple (0/1) D:4

Altars:
Cheibriados
Gozag
Hepliaklqana

Shops:
D:4 !


Innate Abilities, Weirdness & Mutations

You reflexively headbutt those who attack you in melee.
You have a pair of horns on your head.


Message History

You are too injured to fight recklessly!
You are too injured to fight recklessly!
You are too injured to fight recklessly!
You are too injured to fight recklessly!
You are too injured to fight recklessly!
You hit the orc warrior but do no damage.
The orc warrior is heavily wounded.
You closely miss the orc priest.
The orc priest mumbles some strange prayers to Beogh against you.
Pain shoots through your body!
* * * LOW HITPOINT WARNING * * *
The orc warrior hits you with a +0 dire flail!
* * * LOW HITPOINT WARNING * * *
You slash the orc warrior!
You headbutt the orc warrior, but do no damage.
The orc warrior is almost dead.
You barely miss the orc priest.
The orc priest calls down the wrath of Beogh upon you.
Pain shoots through your body!
You die...

......# .#....# ....#.#
.>....# ### ## #...###
#.. . #...########.# .#
#.......^.##.#####.# .
..........##.##..o.#....
.............#..@o......
.........>#..#..##.#....
#...#.##..#........# .
#...............####
#...#.#####.###.#
#...#.#####.# #.#
#...#.......# #.#
.....######## #.#
.#.#.##### #..


You could see an orc warrior and an orc priest.

Vanquished Creatures
  Grinder (D:4)
  Sigmund (D:4)
  Duvessa (D:4)
  An ice beast (D:7)
  An ogre (D:5)
  A centaur (D:5)
  A scorpion (D:3)
  Dowan (D:4)
  3 crimson imps (D:5)
  A jelly (D:3)
  Crazy Yiuf (D:5)
  A gnoll shaman (D:4)
  2 hounds
  Jessica (D:2)
  A bullfrog skeleton (D:7)
  4 iguanas
  Natasha (twice) (D:3)
  5 orc wizards
  4 worker ants
  2 hound skeletons (D:5)
  2 worker ant zombies (D:5)
  6 adders
  5 gnolls (D:4)
  8 oozes
  2 adder skeletons (D:4)
  2 worms
  A dart slug (D:2)
  4 leopard geckos
  21 orcs
  3 giant cockroaches
  11 goblins
  9 hobgoblins
  15 jackals
  14 kobolds
  2 quokkas
  A ball python (D:2)
  8 bats
  3 frilled lizards
  7 rats
  4 fungi (D:5)
163 creatures vanquished.

Vanquished Creatures (others)
  10 toadstools (D:3)
10 creatures vanquished.

Grand Total: 173 creatures vanquished

Notes
Turn   | Place    | Note
-------+----------+-------------------------------------------
     0 | D:1      | FeloniousTub the Minotaur Berserker began the quest for the
                  | Orb.
     0 | D:1      | Reached XP level 1. HP: 19/19 MP: 0/0
    88 | D:1      | Reached XP level 2. HP: 17/27 MP: 1/1
   135 | D:1      | Reached skill level 4 in Axes
   707 | D:2      | Reached XP level 3. HP: 31/33 MP: 2/2
   755 | D:2      | Reached ** piety under Trog
  1255 | D:2      | Reached XP level 4. HP: 25/40 MP: 3/3
  1453 | D:2      | Noticed Jessica
  1459 | D:2      | Killed Jessica
  1459 | D:2      | Reached skill level 5 in Axes
  1549 | D:2      | Found a snail-covered altar of Cheibriados.
  1752 | D:2      | Found an opulent altar of Gozag.
  1946 | D:3      | Reached *** piety under Trog
  1946 | D:3      | Reached XP level 5. HP: 47/47 MP: 4/4
  2406 | D:3      | Noticed Natasha
  2412 | D:3      | Killed Natasha
  2484 | D:3      | Noticed Natasha
  2495 | D:3      | Killed Natasha
  2495 | D:3      | Reached XP level 6. HP: 54/55 MP: 5/5
  2674 | D:3      | Reached skill level 6 in Axes
  2675 | D:3      | Reached skill level 5 in Fighting
  2889 | D:4      | Found a staircase to the Ecumenical Temple.
  2955 | D:4      | Reached **** piety under Trog
  2999 | D:4      | Reached XP level 7. HP: 59/61 MP: 6/6
  3048 | D:4      | Found a hazy altar of Hepliaklqana.
  3066 | D:4      | Noticed Duvessa
  3066 | D:4      | Noticed Dowan
  3069 | D:4      | Killed Dowan
  3079 | D:4      | Killed Duvessa
  3079 | D:4      | Reached skill level 7 in Axes
  3241 | D:4      | Found Enaewaxziu's Distillery.
  3244 | D:4      | Bought a potion of heal wounds for 65 gold pieces
  3244 | D:4      | Bought a potion of curing for 39 gold pieces
  3433 | D:4      | Reached skill level 5 in Armour
  3463 | D:4      | Noticed Sigmund
  3469 | D:4      | Killed Sigmund
  3697 | D:4      | Noticed Grinder
  3706 | D:4      | Paralysed by Grinder for 5 turns
  3713 | D:4      | Paralysed by Grinder for 6 turns
  3720 | D:4      | Killed Grinder
  3720 | D:4      | Reached skill level 8 in Axes
  3720 | D:4      | Reached XP level 8. HP: 36/70 MP: 7/7
  3956 | D:5      | Entered Level 5 of the Dungeon
  3964 | D:5      | Reached skill level 5 in Dodging
  4260 | D:5      | Reached ***** piety under Trog
  4260 | D:5      | Received a gift from Trog
  4638 | D:5      | Found a runed translucent door.
  4639 | D:5      | Noticed Crazy Yiuf
  4645 | D:5      | Killed Crazy Yiuf
  4759 | D:6      | Reached skill level 9 in Axes
  4759 | D:6      | Reached skill level 1 in Evocations
  5515 | D:7      | Killed from afar by an orc priest

Levels and vault maps discovered:
D:1:      dpeg_arrival_stonehenge_12_columns, layout_basic,
          nrook_mini_backslash, hangedman_decor_points, st_stairs_4
D:2:      layout_loops_ring, nicolae_overflow_crystal_walls,
          lemuel_coloured_pillars_altar, uniq_jessica
D:3:      cheibrodos_fertilizer, layout_loops_cross, uniq_natasha
D:4:      layout_loops_ring, old_standard_altar,
          minmay_temple_entry_drinking_statues, serial_shops, kennysheep_mini,
          uniq_duvessa, uniq_grinder, uniq_sigmund
D:5:      layout_cave_pools, first_ration, uniq_crazy_yiuf_cottage
D:6:      layout_cave_pools
D:7:      layout_loops_cross, kennysheep_little_box, dancing_weapons_uskayaw,
          the_bakery

Skill      XL: |  1  2  3  4  5  6  7  8 |
---------------+-------------------------+-----
Axes           | 4 5 6 8 9 |  9.3
Fighting       | 4 5 6 7 |  7.0
Armour         | 3 4 5 6 |  6.4
Dodging        | 3 4 5 |  5.8
Evocations     | 1 |  1.5

Action                   |  1- 3 |  4- 6 |  7- 9 || total
-------------------------+-------+-------+-------++-------
Melee: Hand axe          |    68 |   159 |    30 ||   257
       Headbutt          |    10 |    35 |    39 ||    84
       War axe           |       |       |   141 ||   141
Invok: Berserk           |       |     3 |     6 ||     9
  Use: Scroll            |       |       |    12 ||    12
  Eat: Chunk             |       |     9 |     7 ||    16
       Ration            |       |       |     2 ||     2
Armor: Animal skin       |     2 |       |       ||     2
       Ring mail         |    22 |    20 |       ||    42
       Storm dragon scal |       |    47 |    91 ||   138
Dodge: Dodged            |    40 |    77 |    74 ||   191

Table legend:
 A = Non-vault XP
 B = Vault XP
 C = Vault XP percentage of total XP
 D = Non-vault monster count
 E = Vault monster count
 F = Vault count percentage of total count
                 A         B        C        D         E       F
            +---------+---------+-------+---------+---------+-------
      Total |    1677 |     883 |  34.5 |     135 |      24 |  15.1
            +---------+---------+-------+---------+---------+-------
        D:1 |      33 |       3 |   8.3 |      15 |       2 |  11.8
        D:2 |      97 |      37 |  27.6 |      36 |       1 |   2.7
        D:3 |     201 |     136 |  40.4 |      20 |      16 |  44.4
        D:4 |     315 |     667 |  67.9 |      22 |       4 |  15.4
        D:5 |     651 |      40 |   5.8 |      28 |       1 |   3.4
        D:6 |      86 |       0 |   0.0 |       7 |       0 |   0.0
        D:7 |     294 |       0 |   0.0 |       7 |       0 |   0.0
            +---------+---------+-------+---------+---------+-------
